 Dungeon Crawl Stone Soup version 0.31-a0-115-g4708a659fe (webtiles) character file.

Game seed: 8264808071257440394

73 wilfster70 the Cudgeller (level 4, -7/29 HPs)
             Began as a Gargoyle Monk on May 29, 2023.
             Was a Believer of the Shining One.
             Mangled by a gnoll
             ... wielding a +0 halberd
             ... led by a gnoll bouda
              (12 damage)
             ... on level 4 of the Dungeon.
             The game lasted 00:06:06 (1747 turns).

wilfster70 the Cudgeller (Gargoyle Monk)            Turns: 1747, Time: 00:06:06

Health: -7/29      AC:  8    Str: 15    XL:     4   Next: 27%
Magic:  7/7        EV: 11    Int: 12    God:    the Shining One [**....]
Gold:   144        SH:  0    Dex: 12    Spells: 3/7 levels left

rFire   . . .        a - +1 mace
rCold   . . .        d - orb {light}
rNeg    + + .        o - +0 ring mail
rPois   ∞            (no helmet)
rElec   +            (no cloak)
rCorr   .            (no gloves)
SInv    .            (no boots)
Will    .....        (no amulet)
Stlth   +            (no ring)
HPRegen 0.24/turn    (no ring)
MPRegen 0.10/turn

%: no passive effects
@: glowing
A: sickness immunity, AC +3, negative energy resistance 1, electricity
resistance, torment resistance 1, petrification resistance
a: Renounce Religion, Divine Shield


You were on level 4 of the Dungeon.
You worshipped the Shining One.
The Shining One was pleased with you.
You visited 1 branch of the dungeon, and saw 5 of its levels.

You collected 144 gold pieces.

Inventory:

Hand Weapons
 a - a +1 mace (weapon)
 b - a +0 sling
Missiles
 k - 4 curare-tipped darts
Armour
 d - an orb of light (worn)
 o - a +0 ring mail (worn)
Scrolls
 g - 2 scrolls of amnesia
 i - a scroll of blinking
 l - 2 scrolls of fog
Potions
 c - a potion of ambrosia
 e - a potion of lignification {unknown}
 f - a potion of might {unknown}
 h - a potion of curing
 m - 4 potions of magic {unknown}
 n - a potion of heal wounds {unknown}


   Skills:
 - Level 3.7 Fighting
 - Level 3.8 Maces & Flails
 - Level 2.4 Dodging
 + Level 2.0 Spellcasting
 + Level 0.2 Conjurations
 + Level 0.2 Fire Magic


You had 3 spell levels left.
You knew the following spells:

 Your Spells              Type           Power      Damage    Failure   Level
a - Sticky Flame          Conj/Fire      1%         2d3       99%         4

Your spell library contained the following spells:

 Spells                   Type           Power      Damage    Failure   Level
 Summon Small Mammal      Summ           4%         N/A       47%         1
 Call Canine Familiar     Summ           1%         N/A       85%         3
 Ignite Poison            Fire/Tmut/Pois 1%         N/A       85%         3
 Ozocubu's Armour         Ice            1%         N/A       85%         3
 Summon Guardian Golem    Hex/Summ       1%         N/A       85%         3
 Fireball                 Conj/Fire      0%         3d3       100%        5
 Iskenderun's Battlesphe  Conj           1%         2d6       100%        5
 Metabolic Englaciation   Hex/Ice        0%         N/A       100%        5
 Conjure Ball Lightning   Conj/Air       0%         3x3d6     100%        6
 Simulacrum               Ice/Necr       0%         N/A       100%        6
 Orb of Destruction       Conj           0%         9d5       100%        7
 Ignition                 Fire           0%         3d3       100%        8


Dungeon Overview and Level Annotations

Branches:
Dungeon (5/15)
 Temple: D:4-7

Altars:
The Shining One


Innate Abilities, Weirdness & Mutations

You are immune to sickness and miasma.
Your stone body is resilient. (AC +3)
You are immune to poison.
You resist negative energy. (rN+)
You are resistant to electric shocks. (rElec)
You are resistant to unholy torment.
You are immune to petrification.


Message History

An endoplasm comes into view.
The endoplasm quivers.
The endoplasm freezes you.
You are frozen.
You hit the endoplasm.
You kill the endoplasm!
A sourceless malevolence fills the Dungeon...
You fall into a shaft and drop 2 floors!
The shaft crumbles and collapses.
You open the door.
There is an open door here.
An iguana comes into view.
The iguana hisses angrily.
There is an open door here.
You close the door.
Found a stone staircase leading up.
A gnoll bouda and 3 gnolls come into view.
The gnoll bouda shouts!
The gnoll shouts! x3; You hear a shout!
The gnoll bouda barks out a call to the hunt!
The gnoll picks up the pace!
The gnoll moves out of view. x2
The gnoll hits you from afar with a +0 halberd.
Found 8 gold pieces.
The gnoll hits you with a +0 halberd. The gnoll hits you but does no damage.
There is a stone staircase leading up here.
The gnoll hits you with a +0 halberd. The gnoll barely misses you.
You climb upwards.
The goblin shouts!
There is a stone staircase leading down here.
You hit the gnoll.
The gnoll is moderately wounded.
The gnoll closely misses you. The gnoll hits you with a +0 halberd.
* * * LOW HITPOINT WARNING * * *
The gnoll attacks as you move away! The gnoll barely misses you.
The gnoll closely misses you.
The gnoll hits you from afar with a +0 halberd.
* * * LOW HITPOINT WARNING * * *
The goblin closely misses you. The gnoll attacks as you move away!
The gnoll hits you with a +0 halberd!
You die...

## ## ####
. .. ...
.#.#
#g###...###
#.>.g......
##g@..####
#.#### ....
###.# #.#
#.# #.# #.


You could see 2 gnolls and a goblin.

Vanquished Creatures
  3 adders
  An ufetubus (D:3)
  7 orcs (D:3)
  2 ball pythons
  5 endoplasms
  A giant cockroach (D:3)
  4 hobgoblins
  2 kobolds (D:2)
  A quokka (D:1)
  3 bats
  4 rats
33 creatures vanquished.

Notes
Turn   | Place    | Note
-------+----------+-------------------------------------------
     0 | D:1      | wilfster70 the Gargoyle Monk began the quest for the Orb.
     0 | D:1      | Reached XP level 1. HP: 14/14 MP: 1/1
   363 | D:1      | Reached XP level 2. HP: 16/19 MP: 2/2
   391 | D:1      | Found a faded altar of an unknown god.
   809 | D:2      | Reached XP level 3. HP: 24/24 MP: 3/3
  1165 | D:3      | Reached skill level 1 in Spellcasting
  1480 | D:3      | Reached XP level 4. HP: 29/29 MP: 6/6
  1485 | D:3      | Learned a level 4 spell: Sticky Flame
  1634 | D:3      | Found a glowing golden altar of the Shining One.
  1643 | D:3      | Became a worshipper of the Shining One
  1643 | D:3      | Reached * piety under the Shining One
  1643 | D:3      | Reached ** piety under the Shining One
  1714 | D:3      | You fall into a shaft and drop 2 floors!
  1714 | D:5      | Entered Level 5 of the Dungeon
  1747 | D:4      | Mangled by a gnoll

Illustrated notes

Levels and vault maps discovered:
D:1:      erik_arrival_triangle_large, layout_loops_ring,
          shapermc_ecumenical_altar_ellora
D:2:      layout_basic
D:3:      layout_basic, mainiacjoe_overflow_surrounded_room
D:4:      layout_basic, nicolae_overflow_two_pavilions, uniq_natasha,
          uniq_edmund, uniq_ijyb
D:5:      layout_basic, mainiacjoe_overflow_24_doors,
          minmay_temple_entry_proselytizer, eino_small_chamber_without_monster

Skill      XL: |  1  2  3  4 |
---------------+-------------+-----
Spellcasting   | 1 2 |  2.0
Fighting       | |  3.7
Maces & Flails | |  3.8
Dodging        | |  2.4
Conjurations   | |  0.2
Fire Magic     | |  0.2

Action                     |  1- 3 |  4- 6 || total
---------------------------+-------+-------++-------
  Melee: Mace              |    80 |     7 ||    87
   Fire: Sling             |     5 |       ||     5
    Use: Scroll            |     9 |       ||     9
 Armour: Scale mail        |    41 |     1 ||    42
         Ring mail         |       |     7 ||     7
  Dodge: Dodged            |    40 |    10 ||    50

Table legend: (Time is in decaauts)
 A = Elapsed time spent in this place.
 B = Non-inter-level travel time spent in this place.
 C = Inter-level travel time spent in this place.
 D = Time resting spent in this place.
 E = Time spent auto-exploring this place.
 F = Levels seen in this place.
 G = Mean time per level.
                   A        B        C        D        E       F      G
               +--------+--------+--------+--------+--------+-----+--------+
         Total |   1767 |   1732 |     35 |     22 |   1101 |   5 |  353.4 |
       Dungeon |   1767 |   1732 |     35 |     22 |   1101 |   5 |  353.4 |
               +--------+--------+--------+--------+--------+-----+--------+

Top non-repeatable levels by time:
     D:1: 733 daAuts
     D:3: 684 daAuts
     D:2: 317 daAuts
     D:5: 29 daAuts
     D:4: 3 daAuts
